3A
NIAGARA FALLS EXPOS @ HOGSMEADE CAULDRONS
05/29/2020
 
TOP OF THE 1ST
Niagara Falls Expos batting - Pitching for Hogsmeade Cauldrons : LHP Cyrille Bertoletti
Pitching: LHP Cyrille Bertoletti
Batting: RHB Keith Fish 0-0: Called Strike
0-1: Called Strike
0-2: Ground out 6-3 (Groundball, 6)
Batting: RHB Fred Meyer 0-0: Called Strike
0-1: Ground out 4-3 (Groundball, 4)
Batting: RHB Brent Ryan 0-0: Ball
1-0: Ball
2-0: Called Strike
2-1: Called Strike
2-2: Ball
3-2: Foul Ball, location: 2F
3-2: Base on Balls
Batting: SHB Arturo Robles 0-0: Ball
1-0: Called Strike
1-1: Ball
2-1: Foul Ball, location: 2F
2-2: SINGLE (Flyball, 9LS)
Brent Ryan to second
Runner from 2nd tries for 3rd, SAFE, throw made to third
Arturo Robles to second
Batting: RHB Chuck Wolf 0-0: Ball
1-0: Ball
2-0: Swinging Strike
2-1: Ball
3-1: Base on Balls
Batting: RHB David Ortega 0-0: Ball
1-0: Ball
2-0: Called Strike
2-1: Called Strike
2-2: Ground out 3-1 (Groundball, 34S)
Top of the 1st over - 0 run(s), 1 hit(s), 0 error(s), 3 left on base; Niagara Falls 0 - Hogsmeade 0
BOTTOM OF THE 1ST
Hogsmeade Cauldrons batting - Pitching for Niagara Falls Expos : RHP Roberto Cantú
Pitching: RHP Roberto Cantú
Batting: RHB Jay Parker 0-0: Ball
1-0: Ball
2-0: Foul Ball, location: 2F
2-1: Foul Ball, location: 2F
2-2: Ball
3-2: Ground out 5-3 (Groundball, 5)
Batting: RHB Miguel Torres 0-0: Called Strike
0-1: Ground out 5-3 (Groundball, 5)
Batting: RHB Raúl Reyna 0-0: Called Strike
0-1: Ball
1-1: Swinging Strike
1-2: Hit by Pitch
Batting: SHB Emílio Gonzáles 0-0: Ball
1-0: TRIPLE (Flyball, 89XD)
Raúl Reyna scores
Batting: RHB Héctor Cantú 0-0: Swinging Strike
0-1: Foul Ball, location: 2F
0-2: Ball
1-2: Fly out, F9 (Flyball, 89M)
Bottom of the 1st over - 1 run(s), 1 hit(s), 0 error(s), 1 left on base; Niagara Falls 0 - Hogsmeade 1
TOP OF THE 2ND
Niagara Falls Expos batting - Pitching for Hogsmeade Cauldrons : LHP Cyrille Bertoletti
Batting: RHB Carl Bryant 0-0: Swinging Strike
0-1: Swinging Strike
0-2: Strikes out swinging
Batting: RHB Tony Martínez 0-0: Ball
1-0: Ball
2-0: Called Strike
2-1: Foul Ball, location: 2F
2-2: Foul Ball, location: 2F
2-2: Ball
3-2: Strikes out swinging
Batting: RHB Sean MacKnight 0-0: Fly out, F7 (Flyball, 78M)
Top of the 2nd over - 0 run(s), 0 hit(s), 0 error(s), 0 left on base; Niagara Falls 0 - Hogsmeade 1
BOTTOM OF THE 2ND
Hogsmeade Cauldrons batting - Pitching for Niagara Falls Expos : RHP Roberto Cantú
Batting: RHB John Townsend 0-0: Ball
1-0: Fly out, F8 (Line Drive, 8LS)
Batting: SHB Arturo Romero 0-0: Ball
1-0: Ball
2-0: Ground out 4-3 (Groundball, 4)
Batting: RHB Jim Unknown 0-0: Foul Ball, location: 2F
0-1: Ball
1-1: Ball
2-1: Ball
3-1: Called Strike
3-2: Strikes out swinging
Bottom of the 2nd over - 0 run(s), 0 hit(s), 0 error(s), 0 left on base; Niagara Falls 0 - Hogsmeade 1
TOP OF THE 3RD
Niagara Falls Expos batting - Pitching for Hogsmeade Cauldrons : LHP Cyrille Bertoletti
Batting: RHB Keith Fish 0-0: Ball
1-0: Foul Ball, location: 2F
1-1: Fly out, F9 (Flyball, 9M)
Batting: RHB Fred Meyer 0-0: Fly out, F9 (Flyball, 9M)
Batting: RHB Brent Ryan 0-0: Ball
1-0: Foul Ball, location: 2F
1-1: SINGLE (Line Drive, 7LM)
Batting: SHB Arturo Robles 0-0: Ball
1-0: Ball
2-0: Ball
3-0: Called Strike
3-1: Called Strike
3-2: Ground out 6-3 (Groundball, 6M)
Top of the 3rd over - 0 run(s), 1 hit(s), 0 error(s), 1 left on base; Niagara Falls 0 - Hogsmeade 1
BOTTOM OF THE 3RD
Hogsmeade Cauldrons batting - Pitching for Niagara Falls Expos : RHP Roberto Cantú
Batting: RHB Jim Unknown 0-0: Ground out 4-3 (Groundball, 4)
Batting: RHB Jay Parker 0-0: Called Strike
0-1: Foul Ball, location: 2F
0-2: Ball
1-2: Strikes out swinging
Batting: RHB Miguel Torres 0-0: Ball
1-0: Ball
2-0: Fly out, F4 (Popup, 4MD)
Bottom of the 3rd over - 0 run(s), 0 hit(s), 0 error(s), 0 left on base; Niagara Falls 0 - Hogsmeade 1
TOP OF THE 4TH
Niagara Falls Expos batting - Pitching for Hogsmeade Cauldrons : LHP Cyrille Bertoletti
Batting: RHB Chuck Wolf 0-0: Fly out, F8 (Flyball, 8LM)
Batting: RHB David Ortega 0-0: Called Strike
0-1: Called Strike
0-2: Strikes out swinging
Batting: RHB Carl Bryant 0-0: Ball
1-0: Called Strike
1-1: SINGLE (Groundball, 4MD)
Batting: RHB Tony Martínez 0-0: Ball
1-0: Ball
Wild Pitch!
Carl Bryant to second
2-0: Fly out, F4 (Popup, 3D)
Top of the 4th over - 0 run(s), 1 hit(s), 0 error(s), 1 left on base; Niagara Falls 0 - Hogsmeade 1
BOTTOM OF THE 4TH
Hogsmeade Cauldrons batting - Pitching for Niagara Falls Expos : RHP Roberto Cantú
Batting: RHB Raúl Reyna 0-0: Fly out, F2 (Popup, 2RF)
Batting: SHB Emílio Gonzáles 0-0: TRIPLE (Flyball, 78XD)
Batting: RHB Héctor Cantú 0-0: Ball
1-0: Foul Ball, location: 2F
1-1: Foul Ball, location: 2F
1-2: Ground out 5-3 (Groundball, 5L)
Batting: RHB John Townsend 0-0: Swinging Strike
0-1: Ball
1-1: Foul Ball, location: 2F
1-2: Ball
2-2: Strikes out swinging
Bottom of the 4th over - 0 run(s), 1 hit(s), 0 error(s), 1 left on base; Niagara Falls 0 - Hogsmeade 1
TOP OF THE 5TH
Niagara Falls Expos batting - Pitching for Hogsmeade Cauldrons : LHP Cyrille Bertoletti
Batting: RHB Sean MacKnight 0-0: Called Strike
0-1: Ball
1-1: Foul Ball, location: 2F
1-2: Strikes out swinging
Batting: RHB Keith Fish 0-0: SINGLE (Groundball, 56D) (infield hit)
Batting: RHB Fred Meyer 0-0: Ball
1-0: Called Strike
1-1: Ball
Keith Fish is caught stealing 2nd base
2-1: Ball
3-1: Foul Ball, location: 2F
3-2: Ground out 6-3 (Groundball, 6M)
Top of the 5th over - 0 run(s), 1 hit(s), 0 error(s), 0 left on base; Niagara Falls 0 - Hogsmeade 1
BOTTOM OF THE 5TH
Hogsmeade Cauldrons batting - Pitching for Niagara Falls Expos : RHP Roberto Cantú
Batting: SHB Arturo Romero 0-0: Ball
1-0: Ball
2-0: Called Strike
2-1: Foul Ball, location: 2F
2-2: Foul Ball, location: 2F
2-2: Foul Ball, location: 2F
2-2: Strikes out looking
Batting: RHB Jim Unknown 0-0: Ball
1-0: Called Strike
1-1: Swinging Strike
1-2: Ground out 6-3 (Groundball, 6)
Batting: RHB Jim Unknown 0-0: Called Strike
0-1: Ball
1-1: Ground out 6-3 (Groundball, 6M)
Bottom of the 5th over - 0 run(s), 0 hit(s), 0 error(s), 0 left on base; Niagara Falls 0 - Hogsmeade 1
TOP OF THE 6TH
Niagara Falls Expos batting - Pitching for Hogsmeade Cauldrons : LHP Cyrille Bertoletti
Batting: RHB Brent Ryan 0-0: Foul Ball, location: 2F
0-1: Ball
1-1: Foul Ball, location: 2F
1-2: Strikes out swinging
Batting: SHB Arturo Robles 0-0: Ball
1-0: Fly out, F4 (Popup, 9LS)
Batting: RHB Chuck Wolf 0-0: Called Strike
0-1: Ball
1-1: Ball
2-1: Foul Ball, location: 2F
2-2: Ball
3-2: Foul Ball, location: 2F
3-2: Ground out 5-3 (Groundball, 56S)
Top of the 6th over - 0 run(s), 0 hit(s), 0 error(s), 0 left on base; Niagara Falls 0 - Hogsmeade 1
BOTTOM OF THE 6TH
Hogsmeade Cauldrons batting - Pitching for Niagara Falls Expos : RHP Roberto Cantú
Batting: RHB Jay Parker 0-0: Ball
1-0: Called Strike
1-1: Foul Ball, location: 2F
1-2: Ball
2-2: Strikes out looking
Batting: RHB Miguel Torres 0-0: Called Strike
0-1: Reached on error, E5 (Groundball, 5)
Batting: RHB Raúl Reyna 0-0: Called Strike
0-1: Ball
1-1: Foul Ball, location: 2F
1-2: Strikes out swinging
Batting: SHB Emílio Gonzáles 0-0: Called Strike
0-1: Ball
1-1: Called Strike
1-2: Ball
2-2: Strikes out swinging
Bottom of the 6th over - 0 run(s), 0 hit(s), 1 error(s), 1 left on base; Niagara Falls 0 - Hogsmeade 1
TOP OF THE 7TH
Niagara Falls Expos batting - Pitching for Hogsmeade Cauldrons : LHP Cyrille Bertoletti
Batting: RHB David Ortega 0-0: Called Strike
0-1: Swinging Strike
0-2: Ball
1-2: Strikes out looking
Batting: RHB Carl Bryant 0-0: Called Strike
0-1: Foul Ball, location: 2F
0-2: Strikes out swinging
Batting: RHB Tony Martínez 0-0: Called Strike
0-1: Foul Ball, location: 2F
0-2: Ball
1-2: Ball
2-2: Ground out 1-3 (Groundball, 13S)
Top of the 7th over - 0 run(s), 0 hit(s), 0 error(s), 0 left on base; Niagara Falls 0 - Hogsmeade 1
BOTTOM OF THE 7TH
Hogsmeade Cauldrons batting - Pitching for Niagara Falls Expos : RHP Roberto Cantú
Batting: RHB Héctor Cantú 0-0: Ball
1-0: Called Strike
1-1: Swinging Strike
1-2: Foul Ball, location: 2F
1-2: Ball
2-2: Strikes out looking
Batting: RHB John Townsend 0-0: Foul Ball, location: 2F
0-1: Ball
1-1: Foul Ball, location: 2F
1-2: Strikes out swinging
Batting: SHB Arturo Romero 0-0: Foul Ball, location: 2F
0-1: Ball
1-1: Foul Ball, location: 2F
1-2: SINGLE (Flyball, 8LS)
Batting: RHB Jim Unknown 0-0: Fly out, F7 (Flyball, 7D)
Bottom of the 7th over - 0 run(s), 1 hit(s), 0 error(s), 1 left on base; Niagara Falls 0 - Hogsmeade 1
TOP OF THE 8TH
Niagara Falls Expos batting - Pitching for Hogsmeade Cauldrons : LHP Cyrille Bertoletti
Batting: RHB Sean MacKnight 0-0: Ball
1-0: Ball
2-0: Ball
3-0: Called Strike
3-1: Base on Balls
Batting: RHB Keith Fish 0-0: Ball
1-0: Ball
2-0: Ball
3-0: Called Strike
3-1: Bunted foul
3-2: Ground out 6-3 (Groundball, 6MD)
Sean MacKnight to second
Batting: RHB Fred Meyer 0-0: Foul Ball, location: 2F
0-1: Ball
1-1: Foul Ball, location: 2F
1-2: Ball
2-2: Ball
3-2: Base on Balls
Batting: RHB Brent Ryan 0-0: Ball
1-0: Ball
2-0: Ball
3-0: Called Strike
3-1: Foul Ball, location: 2F
3-2: Foul Ball, location: 2F
3-2: Strikes out swinging
Pitching: LHP Jim Unknown
Batting: SHB Arturo Robles 0-0: Ball
1-0: Ball
2-0: Foul Ball, location: 2F
2-1: Called Strike
2-2: Strikes out swinging
Top of the 8th over - 0 run(s), 0 hit(s), 0 error(s), 2 left on base; Niagara Falls 0 - Hogsmeade 1
BOTTOM OF THE 8TH
Hogsmeade Cauldrons batting - Pitching for Niagara Falls Expos : RHP Roberto Cantú
Batting: RHB Jim Unknown 0-0: Called Strike
0-1: Fly out, F7 (Flyball, 7LM)
Batting: RHB Jay Parker 0-0: Fly out, F8 (Flyball, 8RM)
Batting: RHB Miguel Torres 0-0: Swinging Strike
0-1: Ball
1-1: Ball
2-1: Fly out, F2 (Popup, 2LF)
Bottom of the 8th over - 0 run(s), 0 hit(s), 0 error(s), 0 left on base; Niagara Falls 0 - Hogsmeade 1
TOP OF THE 9TH
Niagara Falls Expos batting - Pitching for Hogsmeade Cauldrons : LHP Jim Unknown
Batting: RHB Chuck Wolf 0-0: Foul Ball, location: 2F
0-1: Swinging Strike
0-2: Strikes out looking
Pinch Hitting: LHB Jim Unknown 0-0: Called Strike
0-1: Ball
1-1: Called Strike
1-2: Strikes out swinging
Batting: RHB Carl Bryant 0-0: Ball
1-0: Called Strike
1-1: Ball
2-1: Foul Ball, location: 2F
2-2: Strikes out looking
Top of the 9th over - 0 run(s), 0 hit(s), 0 error(s), 0 left on base; Niagara Falls 0 - Hogsmeade 1
This league is powered by Out of the Park Baseball, the baseball management simulation game for PC, Mac and Linux
Friday, October 23rd, 2015 - OOTP Baseball 16.9 Build 39